[Event "DVM U12 2024"]
[Site "Heidelberg"]
[Date "2024.12.28"]
[Round "3"]
[White "Gora, Jan"]
[Black "Xu, Yan"]
[Result "0-1"]
[ECO "C47"]
[WhiteElo "2047"]
[BlackElo "1268"]
[Annotator "NA RC"]
[PlyCount "82"]
[EventDate "2024.12.23"]
[EventType "team-tourn"]
[EventRounds "7"]
[EventCountry "GER"]
[SourceTitle "playchess.com"]
[Source "ChessBase"]
[SourceQuality "1"]
[TimeControl "40/5400+30:1800+30"]

1. e4 e5 2. Nf3 Nc6 3. d4 exd4 4. Nxd4 Bc5 5. Be3 Nf6 6. Nc3 d6 7. Bc4 Qe7 8. f3 Bd7 9. Qd2 Ne5 10. Qe2 a6 11. a3 b5 12. Bd5 c6 13. Bb3 Bxd4 14. Bxd4 c5 15. Bxe5 Qxe5 16. a4 b4 17. Nd5 Nxd5 18. exd5 Qxe2+ 19. Kxe2 O-O 20. a5 Bb5+ 21. c4 bxc3+ 22. Kf2 cxb2 23. Rab1 Rfe8 24. Bd1 Bc4 25. Rxb2 Bxd5 26. h4 Bc4 27. h5 Bb5 28. g4 c4 29. g5 c3 30. Rc2 Rac8 31. g6 Bd3 32. Rc1 c2 33. gxh7+ Kxh7 34. f4 cxd1=Q 35. Rcxd1 Rc2+ 36. Kg3 Re3+ 37. Kh4 Be4 38. Rhg1 Rh2+ 39. Kg4 Kh6 40. Rxd6+ g6 41. Rf1 f5# 0-1

[Event "DVM U12 2024"]
[Site "Heidelberg"]
[Date "2024.12.28"]
[Round "3"]
[White "Gersemann, Karl"]
[Black "Kovalskyy, Alicia"]
[Result "1-0"]
[ECO "C77"]
[WhiteElo "2012"]
[BlackElo "1758"]
[Annotator "NA RC"]
[PlyCount "69"]
[EventDate "2024.12.23"]
[EventType "team-tourn"]
[EventRounds "7"]
[EventCountry "GER"]
[SourceTitle "playchess.com"]
[Source "ChessBase"]
[SourceQuality "1"]
[TimeControl "40/5400+30:1800+30"]

1. e4 e5 2. Nf3 Nc6 3. Bb5 a6 4. Ba4 Nf6 5. d3 b5 6. Bb3 Be7 7. a4 b4 8. a5 d6 9. Nbd2 O-O 10. Nc4 Re8 11. O-O Bg4 12. Be3 Bf8 13. h3 Bh5 14. g4 Bg6 15. Ba4 Ne7 16. Bxe8 Nxe8 17. Qd2 f6 18. Nh4 d5 19. Nxg6 Nxg6 20. exd5 Qxd5 21. f4 exf4 22. Bxf4 Nxf4 23. Qxf4 Bc5+ 24. Kh2 Rd8 25. Qf3 Qd4 26. b3 Nd6 27. Nxd6 Bxd6+ 28. Kh1 Qe5 29. Qf2 Qg5 30. Qf5 Qe3 31. Rf3 Qd2 32. Rf2 Qc3 33. Qe6+ Kf8 34. Re1 Be5 35. Qxe5 1-0

[Event "DVM U12 2024"]
[Site "Heidelberg"]
[Date "2024.12.28"]
[Round "3"]
[White "Sutharjan, Dakxwin"]
[Black "Kraus, Linus"]
[Result "0-1"]
[ECO "B15"]
[WhiteElo "1917"]
[BlackElo "1803"]
[Annotator "NA RC"]
[PlyCount "142"]
[EventDate "2024.12.23"]
[EventType "team-tourn"]
[EventRounds "7"]
[EventCountry "GER"]
[SourceTitle "playchess.com"]
[Source "ChessBase"]
[SourceQuality "1"]
[TimeControl "40/5400+30:1800+30"]

1. e4 g6 2. d4 Bg7 3. Nc3 c6 4. Nf3 d5 5. exd5 cxd5 6. Bb5+ Bd7 7. Qe2 Nf6 8. O-O O-O 9. Bg5 a6 10. Bxd7 Nbxd7 11. Rad1 e6 12. Rfe1 Qb6 13. b3 Qc6 14. Qd3 Rfc8 15. Bd2 b5 16. a3 Bf8 17. Ra1 Nb6 18. Ne5 Qe8 19. Re3 Nbd7 20. Nxd7 Qxd7 21. Rf3 Bg7 22. h3 Qc6 23. Re1 Ra7 24. Rc1 Ne4 25. Re1 Nxc3 26. Qxc3 Rac7 27. Qxc6 Rxc6 28. c3 Bf8 29. b4 Ra8 30. Rb1 Bg7 31. Kf1 Kf8 32. g4 h6 33. h4 Ke7 34. Ke2 Rc4 35. a4 e5 36. dxe5 Rxg4 37. axb5 axb5 38. Rf4 Rxf4 39. Bxf4 Ke6 40. Ke3 Bxe5 41. Bxe5 Kxe5 42. Re1 h5 43. Kd3+ Kd6 44. Re3 Rc8 45. Rf3 Rc7 46. Rf6+ Ke5 47. Rb6 Rc4 48. Rxb5 Rxh4 49. Rb7 Rf4 50. Re7+ Kd6 51. Re2 h4 52. Ke3 Re4+ 53. Kf3 Rxe2 54. Kxe2 g5 55. Kf3 h3 56. Kg3 g4 57. f3 f5 58. Kh2 Kc6 59. fxg4 fxg4 60. Kg3 Kb5 61. Kh2 d4 62. cxd4 Kxb4 63. d5 Kc5 64. d6 Kxd6 65. Kg3 Ke5 66. Kh2 Kf4 67. Kh1 Kg3 68. Kg1 h2+ 69. Kh1 Kf2 70. Kxh2 g3+ 71. Kh3 g2 0-1

[Event "DVM U12 2024"]
[Site "Heidelberg"]
[Date "2024.12.28"]
[Round "3"]
[White "Lange, Fynn Jeremy"]
[Black "Engelhaupt, Henry"]
[Result "1/2-1/2"]
[ECO "A20"]
[WhiteElo "1878"]
[BlackElo "1905"]
[Annotator "RC"]
[PlyCount "93"]
[EventDate "2024.12.23"]
[EventType "team-tourn"]
[EventRounds "7"]
[EventCountry "GER"]
[SourceTitle "playchess.com"]
[Source "ChessBase"]
[SourceQuality "1"]
[TimeControl "40/5400+30:1800+30"]

1. c4 e5 2. g3 Nf6 3. Bg2 c6 4. d4 Bb4+ 5. Bd2 Bxd2+ 6. Qxd2 d6 7. Nc3 O-O 8. O-O-O Qc7 9. e3 Re8 10. Qc2 Nbd7 11. Nge2 Nf8 12. Kb1 Be6 13. b3 a5 14. d5 Bd7 15. Qd2 c5 16. a4 Qb6 17. Ka2 Qd8 18. h3 Qe7 19. g4 Ng6 20. Ng3 Nh4 21. Rdg1 Bc8 22. Nb5 Rd8 23. f3 Kf8 24. Qf2 Bd7 25. Nc3 Rdc8 26. Bf1 Ke8 27. Bd3 Kd8 28. Nf1 Ng6 29. h4 Nf8 30. Ng3 g6 31. h5 Kc7 32. Re1 Be8 33. hxg6 hxg6 34. Nge2 b6 35. Rh2 N6d7 36. Qh4 Qxh4 37. Nb5+ Kd8 38. Rxh4 Ke7 39. Nec3 Nb8 40. Rh8 Bd7 41. Reh1 Na6 42. Kb2 Nb4 43. Bb1 Bxb5 44. Nxb5 Nd7 45. R8h7 Nf6 46. R7h3 Rg8 47. Nc3 1/2-1/2

[Event "DVM U12 2024"]
[Site "Heidelberg"]
[Date "2024.12.28"]
[Round "3"]
[White "Zimmer, Tim"]
[Black "Shen, Tingrui"]
[Result "0-1"]
[ECO "B90"]
[WhiteElo "1846"]
[BlackElo "2164"]
[Annotator "RC"]
[PlyCount "116"]
[EventDate "2024.12.23"]
[EventType "team-tourn"]
[EventRounds "7"]
[EventCountry "GER"]
[SourceTitle "playchess.com"]
[Source "ChessBase"]
[SourceQuality "1"]
[TimeControl "40/5400+30:1800+30"]

1. e4 c5 2. Nf3 d6 3. d4 cxd4 4. Nxd4 Nf6 5. Nc3 a6 6. f3 e5 7. Nb3 Be6 8. Be3 Be7 9. Qd2 Nbd7 10. g4 b5 11. O-O-O Nb6 12. g5 Nfd7 13. Na5 Qc7 14. Nd5 Bxd5 15. exd5 Rc8 16. Kb1 O-O 17. Rg1 g6 18. h4 Nxd5 19. Qxd5 Qxa5 20. h5 Qc7 21. hxg6 hxg6 22. Qd2 Kg7 23. f4 Rh8 24. Bd3 exf4 25. Bd4+ Ne5 26. Qxf4 Rce8 27. Rh1 Bd8 28. a3 Qe7 29. Rhg1 Rh5 30. Rdf1 Rf8 31. Be3 Rfh8 32. Rf2 Rh4 33. Qf6+ Qxf6 34. gxf6+ Bxf6 35. Rgf1 Ng4 36. Rxf6 Nxf6 37. Bg5 Nd7 38. Bxh4 Rxh4 39. b3 Ne5 40. Kb2 Nxd3+ 41. cxd3 a5 42. Kc3 d5 43. Re1 d4+ 44. Kc2 Rh2+ 45. Kb1 Rd2 46. Re5 Rxd3 47. Rxb5 a4 48. Kc2 Rxb3 49. Rxb3 axb3+ 50. Kxb3 Kf8 51. Kc4 Ke7 52. Kxd4 Kd6 53. a4 Kc6 54. Ke5 Kb6 55. Kf6 Ka5 56. Ke5 Kxa4 57. Kf6 Kb5 58. Kg5 f5 0-1

[Event "DVM U12 2024"]
[Site "Heidelberg"]
[Date "2024.12.28"]
[Round "3"]
[White "Jahn, Gustav"]
[Black "Tu, Audrey"]
[Result "0-1"]
[ECO "C54"]
[WhiteElo "1822"]
[BlackElo "1734"]
[Annotator "NA RC"]
[PlyCount "72"]
[EventDate "2024.12.23"]
[EventType "team-tourn"]
[EventRounds "7"]
[EventCountry "GER"]
[SourceTitle "playchess.com"]
[Source "ChessBase"]
[SourceQuality "1"]
[TimeControl "40/5400+30:1800+30"]

1. e4 e5 2. Nf3 Nc6 3. Bc4 Bc5 4. c3 Nf6 5. d3 a6 6. O-O d6 7. h3 h6 8. Re1 Ba7 9. Be3 Bxe3 10. Rxe3 O-O 11. Bb3 Ne7 12. d4 Ng6 13. dxe5 dxe5 14. Nbd2 b5 15. Nf1 Bb7 16. Ng3 Re8 17. Qc2 c5 18. Rd1 Qc7 19. c4 Nf4 20. Ne2 Rac8 21. Nc3 Ne6 22. Nd5 Nxd5 23. exd5 Nd4 24. Qd2 Qd6 25. Rde1 f6 26. cxb5 axb5 27. Nxd4 cxd4 28. Rg3 Kh8 29. Qd3 Bxd5 30. Qxb5 Bxb3 31. Qxb3 e4 32. Qd1 d3 33. Qg4 Rc7 34. Qd1 d2 35. Kh2 Rc1 36. Qg4 Qxg3+ 0-1

[Event "DVM U12 2024"]
[Site "Heidelberg"]
[Date "2024.12.28"]
[Round "3"]
[White "Berndt, Ronson"]
[Black "Rudnizki, Valentin"]
[Result "1-0"]
[ECO "B44"]
[WhiteElo "1812"]
[BlackElo "1448"]
[Annotator "NA RC"]
[PlyCount "127"]
[EventDate "2024.12.23"]
[EventType "team-tourn"]
[EventRounds "7"]
[EventCountry "GER"]
[SourceTitle "playchess.com"]
[Source "ChessBase"]
[SourceQuality "1"]
[TimeControl "40/5400+30:1800+30"]

1. e4 c5 2. Nf3 Nc6 3. d4 cxd4 4. Nxd4 e5 5. Nb5 d6 6. Be3 a6 7. N5c3 Nf6 8. Be2 Be6 9. Bf3 b5 10. Nd5 Be7 11. Bb6 Qc8 12. Nc7+ Kd7 13. Nxa8 Qxa8 14. Nc3 Qb7 15. Be3 Rc8 16. Rc1 Na5 17. Nd5 Bxd5 18. exd5 e4 19. Bg4+ Nxg4 20. Qxg4+ Ke8 21. Qxe4 Nc4 22. b3 Ne5 23. O-O g6 24. Rfe1 f5 25. Qd4 Bf6 26. Bf4 Kf7 27. Bxe5 Bxe5 28. Qh4 Kg7 29. c4 b4 30. Rcd1 Bf6 31. Qg3 Be5 32. Rxe5 dxe5 33. Qxe5+ Kg8 34. Qe6+ Kf8 35. Re1 Ra8 36. Qf6+ Qf7 37. Qh8+ Qg8 38. Qxg8+ Kxg8 39. f3 Rd8 40. Kf2 Kf7 41. Re6 a5 42. Ra6 f4 43. Rxa5 Kf6 44. Ra6+ Ke5 45. Ke2 Kd4 46. Kd2 Re8 47. Re6 Ra8 48. Re4+ Kc5 49. Kd3 Rxa2 50. Re2 Ra3 51. Rb2 Ra1 52. Ke4 g5 53. Kf5 Kd4 54. d6 Kc3 55. Re2 Rd1 56. Ke6 Kxb3 57. c5 Kc3 58. c6 b3 59. c7 b2 60. c8=Q+ Kb3 61. Qb7+ Kc4 62. Qxb2 Kd3 63. Qc2+ Kd4 64. Re4# 1-0

[Event "DVM U12 2024"]
[Site "Heidelberg"]
[Date "2024.12.28"]
[Round "3"]
[White "Serwane, Ruben"]
[Black "Voelpel, Alexander"]
[Result "1-0"]
[ECO "C54"]
[WhiteElo "1799"]
[BlackElo "1628"]
[Annotator "NA RC"]
[PlyCount "119"]
[EventDate "2024.12.23"]
[EventType "team-tourn"]
[EventRounds "7"]
[EventCountry "GER"]
[SourceTitle "playchess.com"]
[Source "ChessBase"]
[SourceQuality "1"]
[TimeControl "40/5400+30:1800+30"]

1. e4 e5 2. Nf3 Nc6 3. Bc4 Bc5 4. c3 Nf6 5. d4 exd4 6. cxd4 Bb4+ 7. Nc3 Nxe4 8. O-O Bxc3 9. d5 Bf6 10. Re1 Ne7 11. Rxe4 O-O 12. d6 cxd6 13. Ng5 d5 14. Bxd5 Nxd5 15. Qxd5 h6 16. Nf3 Qb6 17. Be3 Qc6 18. Qd3 d5 19. Rb4 b6 20. Rc1 Qd6 21. a3 Bb7 22. Bf4 Qd8 23. Rc7 Bc8 24. Nd4 Re8 25. h3 a5 26. Nc6 Re1+ 27. Kh2 Qe8 28. Rxb6 g5 29. Qg3 Kh7 30. Bd2 Re6 31. Bc3 Bxc3 32. Qxc3 Bd7 33. Rbb7 Rxc6 34. Qd3+ Kg8 35. Rxd7 Qe5+ 36. g3 Rf6 37. Qe3 Qxe3 38. fxe3 Re8 39. Rxd5 Rxe3 40. Rd2 Rff3 41. Rg2 f5 42. Rc2 Re8 43. Ra7 f4 44. gxf4 Rxf4 45. Rxa5 Rfe4 46. b4 g4 47. b5 gxh3 48. a4 R8e5 49. Ra6 Rg5 50. b6 Reg4 51. b7 Rg2+ 52. Rxg2 hxg2 53. b8=Q+ Kg7 54. Qb7+ Kh8 55. Ra8+ Rg8 56. Rxg8+ Kxg8 57. a5 h5 58. a6 h4 59. a7 g1=B+ 60. Kxg1 1-0

[Event "DVM U12 2024"]
[Site "Heidelberg"]
[Date "2024.12.28"]
[Round "3"]
[White "Vu Hoang Bach"]
[Black "Vartanian, Roman"]
[Result "1/2-1/2"]
[ECO "D30"]
[WhiteElo "1779"]
[BlackElo "1853"]
[Annotator "NA RC"]
[PlyCount "64"]
[EventDate "2024.12.23"]
[EventType "team-tourn"]
[EventRounds "7"]
[EventCountry "GER"]
[SourceTitle "playchess.com"]
[Source "ChessBase"]
[SourceQuality "1"]
[TimeControl "40/5400+30:1800+30"]

1. c4 Nf6 2. g3 c5 3. Bg2 Nc6 4. Nf3 e6 5. O-O d5 6. cxd5 exd5 7. d4 Be7 8. dxc5 O-O 9. Nc3 Bxc5 10. b3 Be6 11. Bb2 Ne4 12. Na4 Be7 13. Nd4 Nxd4 14. Bxd4 b6 15. Rc1 Qd7 16. Nc3 f5 17. Qd3 Rac8 18. Rfd1 Rfd8 19. e3 Bc5 20. Ne2 g5 21. Nc3 Qf7 22. a4 h6 23. Nb5 Kh7 24. a5 a6 25. Nc3 b5 26. Na2 Be7 27. Bb6 Re8 28. Rxc8 Rxc8 29. Rc1 Rxc1+ 30. Nxc1 Bf6 31. Ne2 Qe7 32. Nd4 Kg7 1/2-1/2

[Event "DVM U12 2024"]
[Site "Heidelberg"]
[Date "2024.12.28"]
[Round "3"]
[White "Wingerath, Felix"]
[Black "Rogner, Alexander Luis"]
[Result "1/2-1/2"]
[ECO "C50"]
[WhiteElo "1753"]
[BlackElo "1674"]
[Annotator "NA RC"]
[PlyCount "72"]
[EventDate "2024.12.23"]
[EventType "team-tourn"]
[EventRounds "7"]
[EventCountry "GER"]
[SourceTitle "playchess.com"]
[Source "ChessBase"]
[SourceQuality "1"]
[TimeControl "40/5400+30:1800+30"]

1. e4 e5 2. Nf3 Nc6 3. Bc4 Bc5 4. O-O Nf6 5. d4 Bxd4 6. Nxd4 Nxd4 7. Bg5 d6 8. f4 Be6 9. Bxe6 Nxe6 10. Bxf6 gxf6 11. fxe5 fxe5 12. Nc3 c6 13. Qf3 Qe7 14. Ne2 Rf8 15. Kh1 O-O-O 16. Qe3 Kb8 17. b4 Rg8 18. c4 Qg5 19. Qxg5 Nxg5 20. Ng3 Rgf8 21. Rf5 Ne6 22. Raf1 Rd7 23. c5 dxc5 24. Rxe5 Ng7 25. bxc5 b5 26. cxb6 axb6 27. h3 Kb7 28. Nf5 Nxf5 29. Rexf5 Ka6 30. e5 Re7 31. Rh5 Rh8 32. Rf6 Rhe8 33. Rxc6 Rxe5 34. Rxh7 Re1+ 35. Kh2 R1e2 36. Rxf7 Rg8 1/2-1/2

[Event "DVM U12 2024"]
[Site "Heidelberg"]
[Date "2024.12.28"]
[Round "3"]
[White "Mao, Leo"]
[Black "Dilger, Ludwig"]
[Result "0-1"]
[ECO "A47"]
[WhiteElo "1752"]
[BlackElo "1615"]
[Annotator "NA RC"]
[PlyCount "50"]
[EventDate "2024.12.23"]
[EventType "team-tourn"]
[EventRounds "7"]
[EventCountry "GER"]
[SourceTitle "playchess.com"]
[Source "ChessBase"]
[SourceQuality "1"]
[TimeControl "40/5400+30:1800+30"]

1. d4 Nf6 2. Nf3 e6 3. e3 b6 4. Bd3 Bb7 5. a3 Be7 6. O-O O-O 7. b3 d6 8. Nbd2 c5 9. Bb2 cxd4 10. exd4 Qc7 11. Re1 Nbd7 12. c4 d5 13. Ne5 dxc4 14. Bxc4 Bd5 15. Bxd5 exd5 16. Ng6 fxg6 17. Rxe7 Rfe8 18. Rc1 Qf4 19. Rxe8+ Rxe8 20. g3 Qf5 21. Nf1 Ng4 22. Qc2 Qf3 23. h3 Re2 24. Qc8+ Nf8 25. Qxg4 Qxf2+ 0-1

[Event "DVM U12 2024"]
[Site "Heidelberg"]
[Date "2024.12.28"]
[Round "3"]
[White "Grabowski, Joshua"]
[Black "Hagn, Tobias"]
[Result "1-0"]
[ECO "C54"]
[WhiteElo "1745"]
[BlackElo "1670"]
[Annotator "NA RC"]
[PlyCount "109"]
[EventDate "2024.12.23"]
[EventType "team-tourn"]
[EventRounds "7"]
[EventCountry "GER"]
[SourceTitle "playchess.com"]
[Source "ChessBase"]
[SourceQuality "1"]
[TimeControl "40/5400+30:1800+30"]

1. e4 e5 2. Nf3 Nc6 3. Bc4 Bc5 4. c3 d6 5. d3 Nf6 6. O-O h6 7. a4 a6 8. b4 Bb6 9. Be3 Bg4 10. Bxb6 cxb6 11. Nbd2 Nh5 12. h3 Bd7 13. Nxe5 Nxe5 14. Qxh5 Nxc4 15. Nxc4 Be6 16. Rfd1 Rc8 17. Rac1 O-O 18. Ne3 Bb3 19. Rd2 Bxa4 20. Qd5 Bc6 21. Qd4 Bd7 22. Qxd6 Rc6 23. Qd4 Rg6 24. Kh2 Qb8+ 25. e5 Rd8 26. Qf4 Rf6 27. Qg3 Rg6 28. Qf4 Rf6 29. Qd4 Be6 30. Qe4 Bd7 31. d4 Rg6 32. f4 a5 33. f5 Rf6 34. Nd5 Rc6 35. Ne7+ Kf8 36. Nxc6 Bxc6 37. Qe3 a4 38. Kg1 b5 39. d5 Rxd5 40. Rxd5 Bxd5 41. Qc5+ Ke8 42. Qxd5 Qa7+ 43. Qc5 Qxc5+ 44. bxc5 Kd7 45. Rb1 Kc6 46. e6 fxe6 47. fxe6 a3 48. Ra1 Kxc5 49. e7 b4 50. cxb4+ Kxb4 51. e8=Q Kb3 52. Qb5+ Kc2 53. Rxa3 Kd2 54. Qb2+ Kd1 55. Ra1# 1-0

[Event "DVM U12 2024"]
[Site "Heidelberg"]
[Date "2024.12.28"]
[Round "3"]
[White "Leonhardt, Max"]
[Black "Gilcher, Tamino"]
[Result "1-0"]
[ECO "D11"]
[WhiteElo "1735"]
[BlackElo "1395"]
[Annotator "NA RC"]
[PlyCount "133"]
[EventDate "2024.12.23"]
[EventType "team-tourn"]
[EventRounds "7"]
[EventCountry "GER"]
[SourceTitle "playchess.com"]
[Source "ChessBase"]
[SourceQuality "1"]
[TimeControl "40/5400+30:1800+30"]

1. Nf3 d5 2. g3 Nf6 3. Bg2 Bf5 4. d4 h6 5. O-O e6 6. c4 c6 7. Nc3 Be7 8. b3 Nbd7 9. Bb2 O-O 10. Nd2 Bb4 11. a3 Bxc3 12. Bxc3 Re8 13. Re1 Nf8 14. f3 N8h7 15. e4 dxe4 16. fxe4 Bg4 17. Bf3 Bxf3 18. Nxf3 Qc7 19. Rc1 Rad8 20. Qe2 c5 21. e5 Nd7 22. dxc5 Nxc5 23. Nd4 Qb6 24. Qb2 Nd3 25. Qa1 Nxc1 26. Rxc1 Ng5 27. Kg2 Ne4 28. Bb2 Nd2 29. b4 Ne4 30. Re1 Ng5 31. h4 Nh7 32. c5 Qc7 33. Kh2 f6 34. Re2 a6 35. exf6 Nxf6 36. Nxe6 Qe7 37. Qa2 Qf7 38. Bxf6 gxf6 39. Nxd8 Qxa2 40. Rxa2 Rxd8 41. Re2 Kf7 42. Re3 h5 43. Kg2 Rd4 44. Rb3 Ke6 45. b5 Kd5 46. bxa6 bxa6 47. Rb6 Ra4 48. Rxf6 Kxc5 49. Rf5+ Kd6 50. Rxh5 Rxa3 51. Kh3 Ke6 52. Rh8 Kf6 53. h5 Kg7 54. Rc8 Kh6 55. Kh4 a5 56. g4 Ra4 57. Rc6+ Kh7 58. Kg5 Rb4 59. Rc7+ Kh8 60. h6 a4 61. h7 Rb6 62. Kh5 a3 63. g5 a2 64. g6 Rb8 65. Ra7 Rb5+ 66. Kh6 a1=Q 67. Ra8+ 1-0

[Event "DVM U12 2024"]
[Site "Heidelberg"]
[Date "2024.12.28"]
[Round "3"]
[White "Teng, David"]
[Black "Berger, Friedrich Richard"]
[Result "1/2-1/2"]
[ECO "C54"]
[WhiteElo "1732"]
[BlackElo "1658"]
[Annotator "NA RC"]
[PlyCount "138"]
[EventDate "2024.12.23"]
[EventType "team-tourn"]
[EventRounds "7"]
[EventCountry "GER"]
[SourceTitle "playchess.com"]
[Source "ChessBase"]
[SourceQuality "1"]
[TimeControl "40/5400+30:1800+30"]

1. e4 e5 2. Nf3 Nc6 3. d4 exd4 4. Bc4 Bc5 5. c3 Nf6 6. cxd4 Bb4+ 7. Bd2 Bxd2+ 8. Nbxd2 d5 9. exd5 Nxd5 10. O-O O-O 11. Ne4 Nb6 12. Bb3 Bg4 13. d5 Ne5 14. Neg5 Nxf3+ 15. Nxf3 Qf6 16. Rc1 Bxf3 17. Qxf3 Qxf3 18. gxf3 Rac8 19. Rfe1 Rfd8 20. Re7 Na8 21. d6 Rxd6 22. Rce1 Rdd8 23. Rxf7 Kh8 24. Ree7 Rg8 25. Bd5 c6 26. Be6 Rce8 27. Bb3 Rxe7 28. Rxe7 Rb8 29. Kg2 Nb6 30. Kg3 a5 31. f4 h6 32. Kh4 Nd5 33. Rf7 b5 34. Bxd5 cxd5 35. Rd7 Rc8 36. Rxd5 Rc2 37. Rxb5 Rxf2 38. Kg3 Rd2 39. a4 Rd3+ 40. Kg4 Rd2 41. h4 g6 42. h5 gxh5+ 43. Kxh5 Kg7 44. Rxa5 Rxb2 45. Ra6 Rf2 46. Kg4 h5+ 47. Kg3 Rc2 48. f5 Rc4 49. a5 Rc5 50. Kf4 Rc4+ 51. Kg5 h4 52. f6+ Kf8 53. Ra8+ Kf7 54. Ra7+ Kf8 55. a6 h3 56. Ra8+ Kf7 57. a7 Ra4 58. Rh8 h2 59. Rh7+ Kg8 60. Rxh2 Rxa7 61. Kg6 Rg7+ 62. Kf5 Rg3 63. Re2 Rf3+ 64. Ke6 Ra3 65. Ke7 Ra7+ 66. Ke6 Ra6+ 67. Kf5 Ra1 68. Rg2+ Kf7 69. Rf2 Rb1 1/2-1/2

[Event "DVM U12 2024"]
[Site "Heidelberg"]
[Date "2024.12.28"]
[Round "3"]
[White "Vu, Khoi Nguyen"]
[Black "Akcapinar, Timur"]
[Result "0-1"]
[ECO "B06"]
[WhiteElo "1730"]
[BlackElo "1687"]
[Annotator "NA RC"]
[PlyCount "82"]
[EventDate "2024.12.23"]
[EventType "team-tourn"]
[EventRounds "7"]
[EventCountry "GER"]
[SourceTitle "playchess.com"]
[Source "ChessBase"]
[SourceQuality "1"]
[TimeControl "40/5400+30:1800+30"]

1. e4 g6 2. d4 Bg7 3. Nf3 d6 4. Be3 Nc6 5. Nc3 Bg4 6. Bb5 a6 7. Bxc6+ bxc6 8. h3 Bxf3 9. Qxf3 Qb8 10. Rb1 c5 11. Qd1 Qb4 12. O-O cxd4 13. Nd5 Qc5 14. Bd2 e6 15. Bb4 Qc6 16. Re1 Qb7 17. Bd2 exd5 18. exd5+ Kd7 19. Qg4+ f5 20. Qe2 Qxd5 21. Rbd1 Qf7 22. Bg5 h6 23. Qf3 Re8 24. Bh4 Nf6 25. Qa3 Qc4 26. b4 Rxe1+ 27. Rxe1 Re8 28. Rc1 g5 29. Bg3 Ne4 30. Qf3 f4 31. Bh2 Nd2 32. Qg4+ Qe6 33. Qd1 Qe2 34. f3 Kc6 35. Kh1 Qxd1+ 36. Rxd1 Nc4 37. Bg1 Ne3 38. Bxe3 dxe3 39. Re1 e2 40. Kg1 Bc3 41. Rd1 exd1=Q+ 0-1

[Event "DVM U12 2024"]
[Site "Heidelberg"]
[Date "2024.12.28"]
[Round "3"]
[White "Sun, Christopher"]
[Black "Boroshnev, Dmytro"]
[Result "1/2-1/2"]
[ECO "B22"]
[WhiteElo "1723"]
[BlackElo "1627"]
[Annotator "NA RC"]
[PlyCount "45"]
[EventDate "2024.12.23"]
[EventType "team-tourn"]
[EventRounds "7"]
[EventCountry "GER"]
[SourceTitle "playchess.com"]
[Source "ChessBase"]
[SourceQuality "1"]
[TimeControl "40/5400+30:1800+30"]

1. e4 c5 2. c3 e6 3. d4 cxd4 4. cxd4 d5 5. exd5 exd5 6. Nf3 Nc6 7. h3 h6 8. Bd3 Bd6 9. Nc3 Nge7 10. O-O O-O 11. Be3 Bb8 12. Qd2 Qd6 13. Rfe1 Qf6 14. Rac1 a6 15. Qd1 Bd6 16. Na4 Be6 17. Nc5 Bxc5 18. Rxc5 Nf5 19. Bxf5 Qxf5 20. Qd2 Qg6 21. Kh2 Rfc8 22. Rec1 Qf6 23. Bf4 1/2-1/2

[Event "DVM U12 2024"]
[Site "Heidelberg"]
[Date "2024.12.28"]
[Round "3"]
[White "Heins, Simon"]
[Black "Beier, Martin"]
[Result "0-1"]
[ECO "C02"]
[WhiteElo "1708"]
[BlackElo "1705"]
[Annotator "NA RC"]
[PlyCount "100"]
[EventDate "2024.12.23"]
[EventType "team-tourn"]
[EventRounds "7"]
[EventCountry "GER"]
[SourceTitle "playchess.com"]
[Source "ChessBase"]
[SourceQuality "1"]
[TimeControl "40/5400+30:1800+30"]

1. e4 e6 2. d4 d5 3. e5 c5 4. c3 Nc6 5. Nf3 Qb6 6. a3 Bd7 7. b4 cxd4 8. cxd4 a6 9. Be2 Nge7 10. Bb2 Nf5 11. O-O Na7 12. Nc3 Nb5 13. Na4 Qd8 14. Nc5 b6 15. Nxd7 Qxd7 16. a4 Nc7 17. Qb3 Be7 18. b5 axb5 19. axb5 O-O 20. Nd2 f6 21. f4 Rfc8 22. g4 Nh4 23. Qg3 f5 24. g5 Ng6 25. Qb3 Qd8 26. Kh1 Nxf4 27. Rxf4 Bxg5 28. Qg3 Bxf4 29. Qxf4 Rxa1+ 30. Bxa1 Nxb5 31. Nb3 Nc3 32. Bf1 Ne4 33. Nd2 Qg5 34. Qxg5 Nxg5 35. h4 Ne4 36. Nxe4 dxe4 37. Kg1 Kf7 38. d5 exd5 39. e6+ Kxe6 40. Bd4 g6 41. Bxb6 Ke5 42. Bb5 Kf4 43. Bd7 Rc2 44. Bd8 Kg3 45. Kf1 d4 46. h5 Kf3 47. Ke1 d3 48. hxg6 e3 49. Kd1 e2+ 50. Ke1 d2# 0-1

[Event "DVM U12 2024"]
[Site "Heidelberg"]
[Date "2024.12.28"]
[Round "3"]
[White "Mi Plaza, Luis Leo Manuel"]
[Black "Martin Fernandez, Felix"]
[Result "0-1"]
[ECO "B82"]
[WhiteElo "1702"]
[BlackElo "1624"]
[Annotator "NA RC"]
[PlyCount "68"]
[EventDate "2024.12.23"]
[EventType "team-tourn"]
[EventRounds "7"]
[EventCountry "GER"]
[SourceTitle "playchess.com"]
[Source "ChessBase"]
[SourceQuality "1"]
[TimeControl "40/5400+30:1800+30"]

1. e4 c5 2. Nf3 d6 3. d4 cxd4 4. Nxd4 Nf6 5. Nc3 Nc6 6. f4 e6 7. Bb5 Bd7 8. Be3 Be7 9. Qe2 a6 10. Nxc6 bxc6 11. Bxa6 Nxe4 12. Nxe4 Qa5+ 13. Bd2 Qxa6 14. Qxa6 Rxa6 15. Bc3 f6 16. a3 Kf7 17. O-O-O c5 18. Rd2 Bb5 19. Ng3 Ra4 20. f5 e5 21. Re1 Bc6 22. Rde2 d5 23. Bd2 Rb8 24. Rf1 Bb5 25. Rf3 Bxe2 26. Nxe2 d4 27. c3 e4 28. Rf4 d3 29. Ng3 c4 30. Rxe4 Rxa3 31. bxa3 Bxa3+ 32. Kd1 Rb1+ 33. Bc1 Bxc1 34. Ke1 Be3# 0-1

[Event "DVM U12 2024"]
[Site "Heidelberg"]
[Date "2024.12.28"]
[Round "3"]
[White "Botvinnik, Julius"]
[Black "Svanidze, Alexander"]
[Result "1-0"]
[ECO "E27"]
[WhiteElo "1700"]
[BlackElo "1615"]
[Annotator "NA RC"]
[PlyCount "85"]
[EventDate "2024.12.23"]
[EventType "team-tourn"]
[EventRounds "7"]
[EventCountry "GER"]
[SourceTitle "playchess.com"]
[Source "ChessBase"]
[SourceQuality "1"]
[TimeControl "40/5400+30:1800+30"]

1. d4 Nf6 2. c4 e6 3. Nc3 Bb4 4. a3 Bxc3+ 5. bxc3 O-O 6. Nf3 b6 7. Bg5 Bb7 8. e3 d5 9. cxd5 exd5 10. Bd3 Re8 11. Ne5 Qd6 12. Bxf6 Qxf6 13. O-O Qe6 14. Qh5 g6 15. Qh4 Nd7 16. f4 f5 17. Rf3 Nf6 18. Qg5 Ne4 19. Bxe4 dxe4 20. Rg3 Qe7 21. Qxf5 Qf8 22. Qg5 Bc8 23. Rf1 Bf5 24. h4 Re6 25. h5 Kg7 26. hxg6 hxg6 27. Kf2 Qf6 28. Rh1 Rh8 29. Rxh8 Kxh8 30. Qh6+ Kg8 31. Rg5 Rxe5 32. fxe5 Qe6 33. g4 Qa2+ 34. Kg3 Qe2 35. Rxg6+ Bxg6 36. Qxg6+ Kh8 37. Qxe4 Qe1+ 38. Kf4 Kg7 39. Kg5 Qxc3 40. Qg6+ Kf8 41. Qf6+ Kg8 42. Qe6+ Kh8 43. Kf6 1-0

[Event "DVM U12 2024"]
[Site "Heidelberg"]
[Date "2024.12.28"]
[Round "3"]
[White "Tu, Tiffany"]
[Black "Thoms, Eric"]
[Result "1-0"]
[ECO "C78"]
[WhiteElo "1670"]
[BlackElo "1666"]
[Annotator "NA RC"]
[PlyCount "67"]
[EventDate "2024.12.23"]
[EventType "team-tourn"]
[EventRounds "7"]
[EventCountry "GER"]
[SourceTitle "playchess.com"]
[Source "ChessBase"]
[SourceQuality "1"]
[TimeControl "40/5400+30:1800+30"]

1. e4 e5 2. Nf3 Nc6 3. Bb5 a6 4. Ba4 Nf6 5. d3 b5 6. Bb3 Bc5 7. c3 d6 8. O-O O-O 9. Nbd2 Bg4 10. h3 Bh5 11. Re1 Ba7 12. Nf1 h6 13. Ng3 Bg6 14. Nh4 Bh7 15. Nhf5 Ne7 16. Nxh6+ gxh6 17. Bxh6 Qd7 18. Qf3 Nf5 19. Nxf5 Bxf5 20. exf5 Kh7 21. Bxf8 Rxf8 22. g4 Rg8 23. Kh2 c6 24. Qg3 Kg7 25. Qh4 d5 26. Qg5+ Kf8 27. Qxf6 Bxf2 28. Re2 Bb6 29. Rae1 Bc7 30. Kh1 c5 31. Qh6+ Ke7 32. Rxe5+ Bxe5 33. Rxe5+ Kd8 34. Rxd5 1-0